 Dungeon Crawl Stone Soup version 0.25.1-2-g60ff931df9 (webtiles) character file.

Game seed: 14836438711539107142

358 Acheron the Chopper (level 6, -3/30 HPs)
             Began as a Tengu Chaos Knight on Aug 1, 2020.
             Was a Plaything of Xom.
             Slain by Duvessa
             ... wielding a +0 rapier
              (9 damage)
             ... on level 5 of the Dungeon.
             The game lasted 00:15:48 (3512 turns).

Acheron the Chopper (Tengu Chaos Knight)            Turns: 3512, Time: 00:15:49

Health: -3/30      AC:  6    Str: 13    XL:     6   Next: 64%
Magic:  9/9        EV: 15    Int: 12    God:    Xom [...*..]
Gold:   122        SH:  0    Dex: 13    Spells: 8/8 levels left

rFire    . . .     SeeInvis +   w - +0 war axe
rCold    . . .     Gourm    .   (no shield)
rNeg     . . .     Faith    .   b - +2 leather armour
rPois    +         Spirit   .   (helmet restricted)
rElec    .         Reflect  .   j - +1 cloak
rCorr    .         Harm     .   (no gloves)
MR       .....                  (boots unavailable)
Stlth    ++........             (no amulet)
HPRegen  0.10/turn              h - ring of see invisible
MPRegen  0.11/turn              (no ring)

@: flying quickly and evasively, hasted, very quick
A: beak, talons 3, blurry vision 1, clumsy 1, deformed body, frail 2, poison
resistance, able to fly
a: Stop Flying, Renounce Religion


You were on level 5 of the Dungeon.
You worshipped Xom.
You were a favourite toy of Xom.
You were not hungry.

You visited 2 branches of the dungeon, and saw 6 of its levels.

You collected 122 gold pieces.

Inventory:

Hand Weapons
 a - a +0 hand axe of chaos
 l - a +1 hand axe
 w - a +0 war axe (weapon)
Missiles
 g - 51 stones
 k - 11 poisoned darts (quivered)
 r - a throwing net
Armour
 b - a +2 leather armour (worn)
 j - a +1 cloak (worn)
 u - a +0 scale mail
Jewellery
 h - a ring of see invisible (left hand)
Scrolls
 d - a scroll of enchant armour
 i - 5 scrolls of identify
 q - a scroll of teleportation
 s - a scroll of remove curse
Potions
 o - a potion of ambrosia {unknown}
 p - a potion of haste
Comestibles
 c - 7 rations


   Skills:
 * Level 3.9 Fighting
 + Level 5.0 Axes
 * Level 1.6 Throwing
 * Level 2.9 Armour
 * Level 3.0 Dodging
 * Level 1.7 Stealth
 * Level 1.7 Spellcasting


You had 8 spell levels left.
You didn't know any spells.
Your spell library contained the following spells:

 Spells                   Type           Power        Failure   Level  Hunger
 Corona                   Hex            #......      34%         1    ##.....
 Ensorcelled Hibernation  Hex/Ice        #.....       47%         2    ###....
 Confusing Touch          Hex            #.......     71%         3    ####...
 Dazzling Flash           Conj/Hex       #.....       71%         3    ####...
 Tukima's Dance           Hex            #.......     71%         3    ####...


Dungeon Overview and Level Annotations

Branches:
Dungeon (5/15)             Temple (1/1) D:4

Altars:
Ashenzari
Cheibriados
Fedhas
Gozag
Hepliaklqana
Kikubaaqudgha
Makhleb
Nemelex Xobeh
Okawaru
Qazlal
Sif Muna
Trog
Uskayaw
Wu Jian
Xom
Yredelemnul
Zin

Annotations:
D:2 Jessica, Terence
D:3 Grinder, Natasha
D:5 Dowan, Duvessa


Innate Abilities, Weirdness & Mutations

You have a beak for a mouth.
You have claws for feet.
You can fly continuously.
Scrolls take you a little longer to read.
You are clumsy. (Dex -2)
Armour fits poorly on your strangely shaped body.
You are very frail. (-20% HP)
Your system is resistant to poisons. (rPois)


Message History

Duvessa is heavily wounded.
You closely miss Duvessa. You claw Duvessa, but do no damage. You peck Duvessa.
Duvessa is heavily wounded.
Duvessa closely misses you.
You closely miss Duvessa. You claw Duvessa, but do no damage.
Your peck misses Duvessa.
Duvessa is heavily wounded.
Duvessa drinks a potion.
Duvessa is healed!
You hit Duvessa but do no damage. Duvessa barely misses you.
You closely miss Duvessa. You claw Duvessa, but do no damage.
You peck Duvessa, but do no damage. Duvessa hits you but does no damage.
You hit Duvessa. Your kick misses Duvessa.
Duvessa is lightly wounded.
You hit the crimson imp but do no damage.
The crimson imp misses you.
You slash Duvessa!
Duvessa is moderately wounded.
You closely miss the crimson imp. Duvessa hits you with a +0 rapier!
You die...
Xom thinks this is hilarious!

#.# .#
########.##.##
.............
#......e#.#
#.......#.#.#
#.....5.....#
#.....#.#.[.#
#.....#Z###.#.#
.......[#ee@5...#
........#####.###
........# #
..#.##### ###.


You could see Duvessa, Dowan, a crimson imp and a jackal skeleton.

Vanquished Creatures
  A centaur (D:5)
  4 hounds
  An orc wizard (D:4)
  5 adders
  2 worms (D:2)
  2 dart slugs
  2 leopard geckos
  13 orcs
  2 giant cockroaches (D:1)
  7 hobgoblins
  6 jackals
  2 quokkas (D:4)
  4 bats
  A frilled lizard (D:1)
  4 goblins
  2 kobolds (D:2)
  A leopard gecko skeleton (D:4)
  6 rats
  A bush (D:4)
  2 plants (D:4)
68 creatures vanquished.

Notes
Turn   | Place    | Note
-------+----------+-------------------------------------------
     0 | D:1      | Acheron the Tengu Chaos Knight began the quest for the Orb.
     0 | D:1      | Reached XP level 1. HP: 14/14 MP: 2/2
   259 | D:1      | Reached XP level 2. HP: 19/19 MP: 3/3
   302 | D:1      | XOM: silly message
   538 | D:1      | XOM: silly message
   556 | D:1      | XOM: silly message
   649 | D:2      | Noticed Jessica
   669 | D:2      | Reached XP level 3. HP: 13/23 MP: 4/4
   898 | D:2      | Noticed a scorpion
   960 | D:2      | XOM: divination: detect creatures
  1000 | D:2      | XOM: divination: detect creatures
  1028 | D:2      | Reached skill level 4 in Axes
  1052 | D:2      | Noticed Terence
  1090 | D:2      | XOM: enchant monster (bad)
  1263 | D:1      | XOM: noise
  1345 | D:2      | XOM: torment (13/23 hp)
  1374 | D:3      | XOM: give mutations
  1374 | D:3      | Gained mutation: You are frail. (-10% HP) [Xom's mischief]
  1374 | D:3      | Gained mutation: Armour fits poorly on your strangely
                  | shaped body. [Xom's mischief]
  1374 | D:3      | Gained mutation: You are clumsy. (Dex -2) [Xom's mischief]
  1374 | D:3      | Gained mutation: Scrolls take you a little longer to read.
                  | [Xom's mischief]
  1434 | D:3      | XOM: give mutations
  1434 | D:3      | Gained mutation: Your system is resistant to poisons.
                  | (rPois) [Xom's mischief]
  1434 | D:3      | Gained mutation: You are very frail. (-20% HP) [Xom's
                  | mischief]
  1435 | D:3      | Found a hazy altar of Hepliaklqana.
  1437 | D:3      | Noticed Grinder
  1438 | D:3      | Noticed Natasha
  1523 | D:2      | Reached XP level 4. HP: 5/22 MP: 6/6
  1738 | D:4      | Reached skill level 1 in Spellcasting
  1937 | D:4      | Found a staircase to the Ecumenical Temple.
  1991 | D:4      | XOM: fog
  2133 | D:4      | Gained mutation: You can fly continuously. [Tengu growth]
  2133 | D:4      | Reached XP level 5. HP: 17/25 MP: 7/7
  2452 | D:4      | Reached skill level 1 in Throwing
  2452 | D:4      | Reached skill level 1 in Stealth
  2553 | D:5      | Entered Level 5 of the Dungeon
  2585 | D:4      | XOM: summons 1 hostile demon
  2610 | D:4      | Found an iron altar of Okawaru.
  2779 | D:4      | XOM: 3-stop teleportation journey
  2782 | Temple   | Entered the Ecumenical Temple
  3481 | D:5      | Noticed Dowan
  3481 | D:5      | Noticed Duvessa
  3483 | D:5      | Noticed a centaur
  3486 | D:5      | XOM: smoke on damage
  3487 | D:5      | Killed a centaur
  3487 | D:5      | Reached XP level 6. HP: 22/30 MP: 9/9
  3500 | D:5      | Reached skill level 5 in Axes
  3512 | D:5      | Slain by Duvessa

Illustrated notes

Levels and vault maps discovered:
D:1:      dpeg_arrival_more_subterranean_lakeside_camping, layout_rooms
D:2:      layout_basic, tgw_xom, uniq_terence, uniq_jessica
D:3:      layout_rooms, lemuel_doored_altar, nicolae_overflow_hidden_temple,
          uniq_grinder, uniq_natasha
D:4:      layout_loops_ring, okawaru_ov_weapons_minmay, temple_doors_e,
          serial_forest, infiniplex_forest_end_3, infiniplex_forest_lined_ring,
          infiniplex_forest_lined_room_, infiniplex_forest_lined_room_2,
          infiniplex_forest_clump_long, infiniplex_forest_clump_small,
          infiniplex_forest_lined_room_2, solitary_fountain
D:5:      layout_basic, kennysheep_little_box, first_ration, uniq_duvessa,
          uniq_crazy_yiuf_cottage
Temple:   regret_index_temple_generic_petals

Skill      XL: |  1  2  3  4  5  6 |
---------------+-------------------+-----
Axes           | 4 5 |  5.0
Spellcasting   | 1 |  1.7
Dodging        | 2 3 |  3.0
Throwing       | 1 |  1.6
Stealth        | 1 |  1.7
Fighting       | |  3.9
Armour         | |  2.9

Action                   |  1- 3 |  4- 6 || total
-------------------------+-------+-------++-------
Melee: Hand axe          |    77 |    82 ||   159
       Kick              |    21 |    49 ||    70
       Peck              |     8 |    42 ||    50
       War axe           |       |   125 ||   125
Throw: Dart              |     3 |     2 ||     5
 Abil: Fly               |       |     1 ||     1
  Use: Scroll            |     1 |     7 ||     8
       Potion            |       |     5 ||     5
 Stab: Paralysed         |     1 |       ||     1
  Eat: Chunk             |     2 |     4 ||     6
       Ration            |       |     1 ||     1
Armor: Leather armour    |    27 |    32 ||    59
Dodge: Dodged            |    51 |   107 ||   158
